 Dungeon Crawl Stone Soup version 0.28-a0-1435-g82390b3a13 (webtiles) character file.

Game seed: 10882039071807795528

1513 shadowrider38 the Nimble (level 8, 0/60 HPs)
             Began as an Octopode Wanderer on Jan 9, 2022.
             Slain by an unseen horror (7 damage)
             ... on level 6 of the Dungeon.
             The game lasted 00:28:56 (8877 turns).

shadowrider38 the Nimble (Octopode Wanderer)        Turns: 8877, Time: 00:28:59

Health: 0/60       AC:  1    Str: 18    XL:     8   Next: 83%
Magic:  0/8        EV: 17    Int: 12    God:
Gold:   217        SH:  0    Dex: 15    Spells: 7/7 levels left

rFire   + . .      SeeInvis .   a - +10 spear "Kiug Inuru" {vorpal, Str+6}
rCold   . . .      Faith    .   (no shield)
rNeg    + . .      Spirit   +   d - +0 hat
rPois   .          Reflect  .   x - amulet of guardian spirit
rElec   .          Harm     .   i - ring of positive energy
rCorr   .          Rampage  .   u - ring of protection from fire
Will    .....                   (no ring)
Stlth   ++........              (no ring)
HPRegen 0.20/turn               (no ring)
MPRegen 0.11/turn               (no ring)
                                (no ring)
                                (no ring)

@: mighty, hasted, very quick
A: almost no armour, amphibious, 8 rings, camouflage 1, gelatinous body 1,
(nimble swimmer 1), tentacles
a: no special abilities


You were on level 6 of the Dungeon.
You visited 1 branch of the dungeon, and saw 6 of its levels.
You also visited: Ossuary.

You collected 217 gold pieces.

Inventory:

Hand Weapons
 a - the +10 spear "Kiug Inuru" (weapon) {vorpal, Str+6}
   (You found it on level 3 of the Dungeon)

   It inflicts extra damage upon your enemies.
   Str:       It affects your strength (+6).
 o - a +1 dagger of venom
 q - a +0 rapier
Missiles
 m - 263 stones
 s - 3 boomerangs
 A - 6 silver boomerangs
 D - 17 poisoned darts (quivered)
 G - 2 curare-tipped darts
Armour
 d - a +0 hat (worn)
Jewellery
 i - a ring of positive energy (left tentacle)
 u - a ring of protection from fire (right tentacle)
 x - an amulet of guardian spirit (around mantle)
 y - a ring of fire
Wands
 g - a wand of paralysis (5)
 w - a wand of mindburst (16)
Scrolls
 e - a scroll of blinking
 h - a scroll of silence {unknown}
 j - 3 scrolls of vulnerability {unknown}
 l - 4 scrolls of teleportation
 n - a scroll of noise {unknown}
 r - 2 scrolls of enchant weapon {unknown}
 t - 3 scrolls of enchant armour {unknown}
 v - 2 scrolls of fog {unknown}
 C - a scroll of summoning {unknown}
 F - a scroll of magic mapping {unknown}
Potions
 b - a potion of might
 c - 2 potions of curing
 f - 4 potions of haste
 k - a potion of attraction
 p - 3 potions of heal wounds
 z - a potion of mutation
 B - a potion of invisibility {unknown}
Miscellaneous
 E - a piece from Xom's chessboard (15/15)


   Skills:
 - Level 7.0 Fighting
 - Level 4.0 Polearms
 - Level 8.0 Dodging
 - Level 3.0 Unarmed Combat
 + Level 2.5 Evocations


You had 7 spell levels left.
You didn't know any spells.
Your spell library contained the following spells:

 Spells                   Type           Power      Damage    Failure   Level
 Sting                    Tmut/Pois      0%         1d3       32%         1
 Poisonous Vapours        Pois/Air       0%         N/A       45%         2
 Inner Flame              Hex/Fire       0%         N/A       69%         3
 Animate Dead             Necr           0%         N/A       97%         4
 Cause Fear               Hex            0%         N/A       97%         4
 Olgreb's Toxic Radiance  Pois           0%         N/A       97%         4
 Borgnjor's Vile Clutch   Necr/Erth      0%         N/A       100%        5
 Death Channel            Necr           0%         N/A       100%        6
 Discord                  Hex            0%         N/A       100%        8


Dungeon Overview and Level Annotations

Branches:
Dungeon (6/15)            Ossuary (visited)
 Temple: D:4-7

Altars:
Zin

Annotations:
D:3 exclusion: downstairs


Innate Abilities, Weirdness & Mutations

You cannot wear most types of armour.
You are amphibious.
You can wear up to eight rings at the same time.
Your skin changes colour to match your surroundings (Stealth+).
Your rubbery body absorbs attacks. (AC +1, EV +1)
((You are camouflaged when in or above water. (Stealth+)))
You have tentacles for arms and can constrict up to eight enemies at once.


Message History

* * * LOW HITPOINT WARNING * * *
You feel much better.
Okay, then.
Reach: a) +10 spear "Kiug Inuru" {vorpal, Str+6}
Press: ? - help, Dir - move target, f - you
Okay, then.
You feel very mighty all of a sudden. Something closely misses you.
Reach: a) +10 spear "Kiug Inuru" {vorpal, Str+6}
Press: ? - help, Dir - move target You reach to attack!
You attack empty space.
Something hits you. Something hits you!
Reach: a) +10 spear "Kiug Inuru" {vorpal, Str+6}
Press: ? - help, Dir - move target You reach to attack!
You attack empty space.
Reach: a) +10 spear "Kiug Inuru" {vorpal, Str+6}
Press: ? - help, Dir - move target You reach to attack!
You attack empty space.
Reach: a) +10 spear "Kiug Inuru" {vorpal, Str+6}
Press: ? - help, Dir - move target Something you can't see is in the way.
You barely miss something. Your squeeze misses something.
Something closely misses you.
You swing at nothing.
You swing at nothing.
You barely miss something. Something hits you.
Reach: a) +10 spear "Kiug Inuru" {vorpal, Str+6}
Press: ? - help, Dir - move target You reach to attack!
You puncture something! Something hits you!
* * * LOW HITPOINT WARNING * * *
You see here 28 sling bullets.
Reach: a) +10 spear "Kiug Inuru" {vorpal, Str+6}
Press: ? - help, Dir - move target You reach to attack!
You attack empty space.
Reach: a) +10 spear "Kiug Inuru" {vorpal, Str+6}
Press: ? - help, Dir - move target Something you can't see is in the way.
You puncture something! You squeeze something! Something hits you!
* * * LOW HITPOINT WARNING * * *
Something hits you!
You die...

#######
##############.....#
...................#
#..####............#
#..# #.######.....#
#..# #.# #....>#
#..# #.# ###.#.#
...# #.# ####.#.#
#.## #.# #...@..# #.
...... #.##.### #.
......##.##.#
......#...#.#
............#
............########
...................#
............######.#
..#.#......#


There were no monsters in sight!

Vanquished Creatures
  An ice beast (D:5)
  A sky beast (D:6)
  A black bear (D:4)
  An ogre (D:5)
  A phantom (D:5)
  2 kobold brigands (D:5)
  A bullfrog (D:3)
  3 scorpions (D:5)
  A water moccasin zombie (D:5)
  A howler monkey (D:5)
  A bullfrog zombie (D:5)
  A centaur zombie (D:5)
  3 hounds
  A bullfrog skeleton (D:5)
  An orc wizard (D:5)
  4 iguanas
  A killer bee zombie (D:6)
  A hound zombie (D:5)
  5 mummies (Ossuary)
  3 gnolls (D:4)
  7 adders
  A white imp (D:5)
  2 adder skeletons (D:4)
  2 worms
  3 dart slugs
  9 orcs
  4 ball pythons
  A bat (D:2)
  5 endoplasms
  4 giant cockroaches
  10 goblins
  9 hobgoblins
  3 jackals (D:3)
  15 kobolds
  2 quokkas (D:4)
  2 frilled lizards
  2 hobgoblin zombies (Ossuary)
  5 rats
120 creatures vanquished.

Vanquished Creatures (others)
  13 plants (D:2)
13 creatures vanquished.

Grand Total: 133 creatures vanquished

Notes
Turn   | Place    | Note
-------+----------+-------------------------------------------
     0 | D:1      | shadowrider38 the Octopode Wanderer began the quest for the
                  | Orb.
     0 | D:1      | shadowrider38 set off with the following items: a +0
                  | dagger, a potion of might, a potion of curing, a +0 hat, a
                  | scroll of blinking
     0 | D:1      | Reached XP level 1. HP: 17/17 MP: 1/1
   451 | D:1      | Found a faded altar of an unknown god.
   451 | D:1      | Noticed a hellion
   478 | D:1      | Reached XP level 2. HP: 20/22 MP: 2/2
  1135 | D:1      | Reached skill level 3 in Dodging
  1382 | D:2      | Reached XP level 3. HP: 27/27 MP: 3/3
  2415 | D:2      | Reached skill level 4 in Dodging
  2415 | D:2      | Reached XP level 4. HP: 33/33 MP: 4/4
  2649 | D:2      | Found a glowing silver altar of Zin.
  3599 | D:3      | Identified the +10 spear "Kiug Inuru" {vorpal, Str+6}
  3875 | D:3      | Noticed a bullfrog
  3878 | D:3      | Killed a bullfrog
  3879 | D:3      | Reached skill level 5 in Fighting
  3879 | D:3      | Reached XP level 5. HP: 29/39 MP: 5/5
  4940 | D:4      | Noticed a black bear
  5120 | D:4      | Killed a black bear
  5121 | D:4      | Reached XP level 6. HP: 43/46 MP: 6/6
  6636 | D:5      | Entered Level 5 of the Dungeon
  6699 | D:5      | Noticed an ice beast
  6759 | D:6      | Noticed a sky beast
  6769 | D:5      | Reached XP level 7. HP: 52/52 MP: 7/7
  7040 | D:5      | Found a sand-covered staircase.
  7045 | Ossuary  | Entered an ossuary
  7130 | Ossuary  | Reached skill level 5 in Dodging
  7440 | D:5      | Reached skill level 6 in Dodging
  7479 | D:5      | Reached XP level 8. HP: 58/58 MP: 8/8
  7882 | D:5      | Reached skill level 7 in Dodging
  8741 | D:6      | Reached skill level 8 in Dodging
  8877 | D:6      | Slain by an unseen horror

Illustrated notes

Levels and vault maps discovered:
D:1:      dpeg_arrival_simpleton_c, layout_basic,
          dreamdust_ecumenical_altar_sealed_demon, grunt_decor_fettered
D:2:      layout_rooms, basic_altar, lexackson_kobold_supper
D:3:      minmay_thinvault, layout_basic
D:4:      layout_cave_pools, minmay_bent
D:5:      cheibrodos_thug_alley, layout_loops_cross, nicolae_ossuary_entry_plus,
          kennysheep_another_room, hellmonk_bongcloud_opening
D:6:      layout_loops_ring, temple_doors_e, uniq_maggie

Skill      XL: |  1  2  3  4  5  6  7  8 |
---------------+-------------------------+-----
Dodging        | 3 4 6 8 |  8.0
Fighting       | 5 6 7 |  7.0
Polearms       | 2 4 |  4.0
Evocations     | 2 |  2.5
Unarmed Combat | |  3.0

Action                   |  1- 3 |  4- 6 |  7- 9 || total
-------------------------+-------+-------+-------++-------
Melee: Unarmed           |    34 |       |       ||    34
       Punch             |     6 |     1 |     3 ||    10
       Constrict         |    11 |    17 |    19 ||    47
       Tentacles         |     5 |    11 |    20 ||    36
       Dagger            |    11 |    19 |       ||    30
       Spear             |       |    84 |   105 ||   189
Throw: Stone             |    22 |    24 |     6 ||    52
       Dart              |       |       |    13 ||    13
       Boomerang         |       |       |     1 ||     1
  Use: Scroll            |       |     4 |     1 ||     5
       Potion            |       |       |     4 ||     4
 Stab: Sleeping          |     5 |     7 |     4 ||    16
       Distracted        |       |     1 |     1 ||     2
Armor: Skin              |     4 |     3 |     2 ||     9
Dodge: Dodged            |    20 |    33 |    45 ||    98

Table legend: (Time is in decaauts)
 A = Elapsed time spent in this place.
 B = Non-inter-level travel time spent in this place.
 C = Inter-level travel time spent in this place.
 D = Time resting spent in this place.
 E = Time spent auto-exploring this place.
 F = Levels seen in this place.
 G = Mean time per level.
                   A        B        C        D        E       F      G
               +--------+--------+--------+--------+--------+-----+--------+
         Total |   8879 |   8225 |    654 |   3497 |   2448 |   7 | 1268.4 |
       Dungeon |   8649 |   7995 |    654 |   3367 |   2444 |   6 | 1441.5 |
       Ossuary |    229 |    229 |      0 |    130 |      4 |   1 |  229.0 |
               +--------+--------+--------+--------+--------+-----+--------+

Top non-repeatable levels by time:
     D:3: 2255 daAuts
     D:4: 1671 daAuts
     D:2: 1639 daAuts
     D:5: 1518 daAuts
     D:1: 1300 daAuts
     D:6: 264 daAuts
 Ossuary: 229 daAuts
